 Dungeon Crawl Stone Soup version 0.30-a0-626-gd6a5dd7a1f (webtiles) character file.

Game seed: 12745340623199463066

7592 Citaku the Protected (level 10, -4/91 HPs)
             Began as a Minotaur Fighter on Jan 11, 2023.
             Was an Initiate of Gozag.
             Slain by a wolf spider zombie (9 damage)
             ... on level 10 of the Dungeon.
             The game lasted 00:17:12 (7587 turns).

Citaku the Protected (Minotaur Fighter)             Turns: 7587, Time: 00:17:13

Health: -4/91      AC: 18    Str: 16    XL:     10   Next: 97%
Magic:  9/9        EV:  4    Int:  5    God:    Gozag
Gold:   891        SH: 12    Dex: 13    Spells: 9/9 levels left

rFire   + + +      SeeInvis .    m - +12 hand axe "Xoadesiz" {venom, rElec rPois rF++ Str-3}
rCold   . . .      Faith    .    h - +1 kite shield of the Tundras {rPois rF+ Str-3}
rNeg    . . .      Spirit   .    E - +0 plate armour
rPois   +          Reflect  .    (helmet restricted)
rElec   +          Harm     .    (no cloak)
rCorr   .          Rampage  .    y - +0 pair of gloves
Will    +....                    t - +0 pair of boots Stlth
                                 (no amulet)
HPRegen 0.35/turn                f - +4 ring of slaying
MPRegen 0.11/turn                s - ring of willpower

@: gold aura
A: horns 2, retaliatory headbutt, talons 1, mutation resistance 1
a: Renounce Religion, Potion Petition, Call Merchant, Bribe Branch


You were on level 10 of the Dungeon.
You worshipped Gozag.
Gozag was pleased with you.
You visited 2 branches of the dungeon, and saw 11 of its levels.

You collected 1045 gold pieces.
You spent 56 gold pieces at shops.
You paid 98 gold pieces to Gozag.

Inventory:

Hand Weapons
 m - the +12 hand axe "Xoadesiz" (weapon) {venom, rElec rPois rF++ Str-3}
   (You found it on level 2 of the Dungeon)

   Str:       It affects your strength (-3).
   rF:        It greatly protects you from fire.
   rElec:     It insulates you from electricity.
   rPois:     It protects you from poison.
Missiles
 x - a throwing net (quivered)
Armour
 h - the +1 kite shield of the Tundras (worn) {rPois rF+ Str-3}
   (You acquired it on level 5 of the Dungeon)

   Str:       It affects your strength (-3).
   rF:        It protects you from fire.
   rPois:     It protects you from poison.
 t - a +0 pair of boots (worn)
 y - a +0 pair of gloves (worn)
 E - a +0 plate armour (worn)
Jewellery
 f - a +4 ring of slaying (left hand)
 s - a ring of willpower (right hand)
Wands
 k - a wand of iceblast (13)
 u - a wand of charming (16)
 v - a wand of flame (35)
 C - a wand of polymorph (7)
 D - a wand of digging (5)
Scrolls
 b - a scroll of brand weapon {unknown}
 e - 2 scrolls of fog
 l - 3 scrolls of fear
 n - 4 scrolls of identify
 o - a scroll of noise {unknown}
 p - 5 scrolls of teleportation
 z - 3 scrolls of magic mapping {unknown}
 B - 2 scrolls of amnesia
Potions
 a - a potion of flight
 c - a potion of brilliance {unknown}
 d - 3 potions of might
 g - 2 potions of berserk rage {unknown}
 i - 7 potions of curing
 j - 2 potions of ambrosia
 q - 2 potions of heal wounds
 r - a potion of lignification
 w - 2 potions of invisibility {unknown}
 A - a potion of cancellation {unknown}


   Skills:
 + Level 9.1 Fighting
 * Level 11.9 Axes
 * Level 12.2 Armour
 + Level 9.0 Shields


You had 9 spell levels left.
You didn't know any spells.
Your spell library contained the following spells:

 Spells                   Type           Power      Damage    Failure   Level
 Blink                    Tloc           0%         N/A       100%        2
 Cigotuvi's Dreadful Rot  Necr/Pois/Air  0%         N/A       100%        2
 Sublimation of Blood     Necr           0%         N/A       100%        2
 Dazzling Flash           Conj/Hex       0%         N/A       100%        3
 Vhi's Electric Charge    Tloc/Air       0%         N/A       100%        3
 Dispel Undead            Necr           0%         3d6       100%        4
 Iskenderun's Mystic Bla  Conj/Tloc      0%         2d3       100%        4
 Manifold Assault         Tloc           0%         N/A       100%        4
 Petrify                  Tmut/Erth      0%         N/A       100%        4
 Arcjolt                  Conj/Air       0%         1d10      100%        5
 Irradiate                Conj/Tmut      0%         3d11      100%        5
 Death Channel            Necr           0%         N/A       100%        6
 Starburst                Conj/Fire      0%         6d3       100%        6
 Storm Form               Tmut/Air       0%         N/A       100%        7
 Maxwell's Capacitive Co  Air            0%         ∞         100%        8


Dungeon Overview and Level Annotations

Branches:
Dungeon (10/15)            Temple (1/1) D:7            Lair (0/5) D:8
    Orc: D:9-12

Altars:
Ashenzari
Cheibriados
Dithmenos
Elyvilon
Fedhas
Gozag
Hepliaklqana
Kikubaaqudgha
Makhleb
Nemelex Xobeh
Okawaru
Qazlal
Ru
Sif Muna
Trog
Uskayaw
Vehumet
Wu Jian
Xom
Yredelemnul
Zin
The Shining One


Innate Abilities, Weirdness & Mutations

You have a pair of horns on your head.
You reflexively headbutt those who attack you in melee.
You have sharp toenails.
You are somewhat resistant to further mutation.


Message History

* * * LOW HITPOINT WARNING * * *
The wolf spider zombie hits you but does no damage.
The wolf spider zombie barely misses you.
You see here 18 gold pieces.
You block the wolf spider zombie's attack. x2
The shadow imp gestures at you.
You easily resist.
The wolf spider zombie attacks as you move away!
The wolf spider zombie hits you but does no damage.
You block the wolf spider zombie's attack. x2
The wolf spider zombie bites you.
* * * LOW HITPOINT WARNING * * *
You block the wolf spider zombie's attack. x2
There is a stone staircase leading up here.
The wolf spider zombie attacks as you move away!
The wolf spider zombie hits you but does no damage.
The wolf spider zombie bites you.
* * * LOW HITPOINT WARNING * * *
You hit the wolf spider zombie. You headbutt the wolf spider zombie.
The wolf spider zombie is lightly damaged.
You closely miss the shadow imp. The wolf spider zombie hits you.
* * * LOW HITPOINT WARNING * * *
The wolf spider zombie bites you but does no damage.
The shadow imp is distracted by your dazzling golden aura.
The shadow imp shouts, "Scamper hence, thou fawning full-gorged clotpole!"
You slash the wolf spider zombie!
The wolf spider zombie is lightly damaged.
You closely miss the shadow imp.
The shadow imp is no longer distracted by gold.
The wolf spider zombie hits you.
* * * LOW HITPOINT WARNING * * *
You block the wolf spider zombie's attack.
The shadow imp hits you but does no damage.
You slash the wolf spider zombie!
The wolf spider zombie is moderately damaged.
You slash the shadow imp! The wolf spider zombie hits you.
* * * LOW HITPOINT WARNING * * *
The wolf spider zombie bites you!
You die...
Your body crumbles into a pile of gold.

.....# .....#
.....# #......
...<... ##......#
#########.......#
#.........#
#.##....@5...#
.......Z....#
.###.....5..# $
#....$.$.#
#......$.#
##.#..##.[.#
#.##.#..#..... ..
#.......... $ #..
##...##....


You could see 2 shadow imps and a wolf spider zombie.

Vanquished Creatures
  Erolcha (D:9)
  2 wolf spider zombies (D:10)
  A rime drake (D:8)
  A polar bear (D:8)
  12 yaks
  A wraith (D:7)
  2 wyverns (D:9)
  A steam dragon (D:8)
  2 acid dragons
  4 water moccasins
  2 black bears
  An orc warrior (D:8)
  7 ice beasts
  An ogre (D:5)
  2 wolves (D:8)
  4 centaurs
  A phantom (D:6)
  2 bullfrogs (D:7)
  A necrophage (D:7)
  5 howler monkeys
  2 hounds
  2 jellies
  2 orc priests
  An iguana (D:6)
  Natasha (twice) (D:2)
  12 orc wizards
  5 gnolls
  10 adders
  A shadow imp (D:5)
  2 ufetubi (D:5)
  3 worms
  7 dart slugs
  32 orcs
  5 endoplasms
  4 giant cockroaches
  15 goblins
  14 hobgoblins
  4 jackals (D:1)
  9 kobolds
  3 quokkas
  6 ball pythons
  9 bats
  A frilled lizard (D:1)
  7 rats
211 creatures vanquished.

Vanquished Creatures (others)
  2 plants
  2 withered plants (D:10)
4 creatures vanquished.

Grand Total: 215 creatures vanquished

Notes
Turn   | Place    | Note
-------+----------+-------------------------------------------
     0 | D:1      | Citaku the Minotaur Fighter began the quest for the Orb.
     0 | D:1      | Reached XP level 1. HP: 19/19 MP: 0/0
   231 | D:1      | Reached XP level 2. HP: 27/27 MP: 1/1
   250 | D:1      | Reached skill level 4 in Armour
   558 | D:2      | Reached XP level 3. HP: 32/33 MP: 2/2
   891 | D:2      | Noticed Natasha
   896 | D:2      | Killed Natasha
   897 | D:2      | Reached XP level 4. HP: 35/40 MP: 3/3
   938 | D:2      | Identified the +12 hand axe "Xoadesiz" {venom, rElec rPois
                  | rF++ Str-3}
   970 | D:2      | Noticed Natasha
   977 | D:2      | Killed Natasha
  1245 | D:3      | Found a shadowy altar of Dithmenos.
  1262 | D:3      | Reached skill level 5 in Armour
  1317 | D:3      | Found a stormy altar of Qazlal.
  1349 | D:3      | Reached XP level 5. HP: 46/46 MP: 4/4
  1441 | D:3      | Found a sacrificial altar of Ru.
  2061 | D:4      | Noticed a black bear
  2065 | D:4      | Killed a black bear
  2066 | D:4      | Reached skill level 5 in Axes
  2066 | D:4      | Reached XP level 6. HP: 47/53 MP: 5/5
  2095 | D:4      | Reached skill level 6 in Armour
  2164 | D:4      | Reached skill level 5 in Fighting
  2484 | D:4      | Reached skill level 5 in Shields
  2530 | D:4      | Reached XP level 7. HP: 61/61 MP: 6/6
  2806 | D:4      | Found a radiant altar of Vehumet.
  3034 | D:5      | Entered Level 5 of the Dungeon
  3166 | D:5      | Reached skill level 7 in Armour
  3358 | D:5      | Reached XP level 8. HP: 70/70 MP: 7/7
  3648 | D:5      | Identified a scroll of acquirement
  3652 | D:5      | Acquired the +1 kite shield of the Tundras {rPois rF+
                  | Str-3}
  3719 | D:5      | Gained mutation: You are somewhat resistant to further
                  | mutation. [potion of mutation]
  3719 | D:5      | Gained mutation: You have sharp toenails. [potion of
                  | mutation]
  4101 | D:6      | Found Racetotepp's CLEARANCE SALE!.
  4140 | D:6      | Bought a potion of heal wounds for 35 gold pieces
  4140 | D:6      | Bought a scroll of teleportation for 21 gold pieces
  4304 | D:6      | Reached skill level 8 in Armour
  4360 | D:6      | Found a hazy altar of Hepliaklqana.
  4638 | D:7      | Found a staircase to the Ecumenical Temple.
  4738 | Temple   | Entered the Ecumenical Temple
  4904 | Temple   | Became a worshipper of Gozag Ym Sagoz the Greedy
  5156 | D:7      | Reached skill level 9 in Armour
  5156 | D:7      | Reached XP level 9. HP: 77/78 MP: 8/8
  5170 | D:7      | Found a glowing golden altar of the Shining One.
  5263 | D:7      | You fall into a shaft and drop 2 floors!
  5324 | D:9      | Noticed Erolcha
  5330 | D:9      | Killed Erolcha
  5725 | D:9      | Reached skill level 10 in Armour
  5729 | D:9      | Reached skill level 10 in Axes
  5753 | D:9      | Reached XP level 10. HP: 56/88 MP: 9/9
  6345 | D:8      | Found an ornate altar of the Wu Jian Council.
  6367 | D:8      | Reached skill level 11 in Armour
  6470 | D:8      | Found a staircase to the Lair.
  6828 | D:8      | Found a shimmering blue altar of Sif Muna.
  7495 | D:10     | Entered Level 10 of the Dungeon
  7564 | D:10     | Reached skill level 12 in Armour
  7587 | D:10     | Slain by a wolf spider zombie

Illustrated notes

Levels and vault maps discovered:
D:1:      eino_arrival_druids_welcome, layout_rooms, nrook_mini_vaults,
          grunt_decor_arrowhead
D:2:      layout_basic, uniq_natasha
D:3:      minmay_octagon_keep, layout_basic, grunt_temple_overflow_open,
          nicolae_ru_sacrificial_ziggurat
D:4:      corexii_shantytown, layout_layer_cave, mainiacjoe_overflow_paths
D:5:      layout_rooms, wad_rectangle_vault
D:6:      layout_rooms, nzn_hepliaklqana_mist_gate, nicolae_shop_clearance
D:7:      layout_loops_ring, mainiacjoe_overflow_alcove_4, temple_statues
D:8:      layout_cave_pools, kennysheep_orc_sif_temple,
          nzn_wu_jian_contemplation, hellmonk_lair_entry_icy
D:9:      layout_basic, uniq_erolcha
D:10:     cheibrodos_grave_circle, layout_rooms, david_orc_4,
          nicolae_shop_overcharged_wands, uniq_grum
Temple:   compressed_dpeg_circular_temple

Skill      XL: |  1  2  3  4  5  6  7  8  9 10 |
---------------+-------------------------------+-----
Armour         | 4 5 6 7 9 10 12 | 12.2
Axes           | 3 4 5 6 8 10 11 | 11.9
Fighting       | 4 5 6 8 9 |  9.1
Shields        | 4 5 6 7 9 |  9.0

Action                   |  1- 3 |  4- 6 |  7- 9 | 10-12 || total
-------------------------+-------+-------+-------+-------++-------
Melee: War axe           |    52 |     1 |       |       ||    53
       Headbutt          |     8 |    14 |    24 |    19 ||    65
       Hand axe          |       |    79 |   151 |    92 ||   322
  Use: Scroll            |       |       |     9 |       ||     9
       Potion            |       |       |     9 |       ||     9
 Stab: Distracted        |       |       |       |     1 ||     1
Armor: Scale mail        |    33 |    51 |    52 |    15 ||   151
       Plate armour      |       |       |       |    37 ||    37
Dodge: Dodged            |    39 |    36 |    49 |    21 ||   145
Block: Buckler           |    13 |    31 |    11 |       ||    55
       Kite shield       |       |       |    53 |    71 ||   124

Table legend: (Time is in decaauts)
 A = Elapsed time spent in this place.
 B = Non-inter-level travel time spent in this place.
 C = Inter-level travel time spent in this place.
 D = Time resting spent in this place.
 E = Time spent auto-exploring this place.
 F = Levels seen in this place.
 G = Mean time per level.
                   A        B        C        D        E       F      G
               +--------+--------+--------+--------+--------+-----+--------+
         Total |   7597 |   7597 |      0 |    577 |   4786 |  11 |  690.6 |
       Dungeon |   7397 |   7397 |      0 |    577 |   4724 |  10 |  739.7 |
        Temple |    199 |    199 |      0 |      0 |     62 |   1 |  199.0 |
               +--------+--------+--------+--------+--------+-----+--------+

Top non-repeatable levels by time:
     D:9: 1055 daAuts
     D:5: 1049 daAuts
     D:4: 1046 daAuts
     D:8: 952 daAuts
     D:3: 762 daAuts
     D:2: 705 daAuts
     D:7: 660 daAuts
     D:1: 548 daAuts
     D:6: 531 daAuts
  Temple: 199 daAuts
    D:10: 85 daAuts
